groovejumper, neutral female human Wizard --------- ------------ |........####...........| |.....>.| # |..........| ---------- --*--+--- ###|..........| |........| ###### #-.........<| |.........### ### |..........| |........| # ### -.-+-.------ |.^......-##### ##### # # # ---------- # -.---------- # *## ### |.........^| ### # ------ # |..........| # # ##-....| ##...........| ---%------- # |.@.%| |..........| |..%.......############ |...*| |......[^..| |..%......| |@.."| |..........| |.........| |...(| ------------ |.........| ------ |.........| ----------- groovejumper the Thaumaturge Experience level: 7 Strength: 13 Dexterity: 13 Constitution: 13 Intelligence: 18 Wisdom: 9 Charisma: 10 Health: 0(44) Energy: 41(61) AC: 8 Gold: 0 Moves: 2281 Your Inventory: Weapons a - a blessed +2 quarterstaff (weapon in hands) Armor b - a blessed +1 cloak of magic resistance (being worn) Comestibles N - an [uncursed] cram ration U - 2 [uncursed] food rations Scrolls i - an uncursed scroll of confuse monster j - an uncursed scroll of light E - an uncursed scroll of stinking cloud Spellbooks l - a blessed spellbook of force bolt m - an uncursed spellbook of wizard lock Potions o - 2 uncursed clear potions [of water] r - an uncursed indigo potion [of healing] t - a blessed potion of speed x - a [blessed] golden potion [of restore ability] C - an [uncursed] emerald potion [of fruit juice] X - an [uncursed] potion of speed Y - an [uncursed] potion of booze Rings d - an uncursed ring of conflict e - an uncursed ring of invisibility Z - an [uncursed] agate ring [of teleport control] Wands c - an uncursed wand of speed monster (0:7) y - an uncursed wand of digging (0:4) Tools n - an uncursed magic marker (0:22) p - an uncursed lock pick Gems A - an [uncursed] gray stone named touchstone [touchstone] Spells known in the end: Name Level Category Fail Memory a - force bolt 1 attack 0% [||||||||] b - wizard lock 2 matter 43% [||||||||] Your skills at the end: Fighting Skills Weapon Skills quarterstaff [Basic / Expert] Spellcasting Skills attack spells [Basic / Expert] enchantment spells [Basic / Skilled] Final Attributes: You were piously aligned. Hunger level was 637. Your alignment was 20 / 21. Monster difficulty range was 0 - 6. Level difficulty was 5. You were magic-protected. You saw invisible. You were unlucky (-2). You are dead. Vanquished creatures: a small mimic a blue jelly a bugbear an imp a mountain nymph 3 Mordor orcs a rock mole a fog cloud 2 shriekers a straw golem a floating eye a dwarf a kobold lord a kobold shaman a centipede an iguana a cave spider a brown mold a green mold a gnome zombie 3 geckos 2 jackals a fox a goblin a sewer rat a grid bug a bat a lichen 2 kobold zombies 5 newts 41 creatures vanquished. Voluntary challenges: You were vegetarian. You used a wielded weapon 43 times. You read items or engraved 6 times. You put on armor 1 time. You never genocided any monsters. You never polymorphed an object. You never changed form. You used no wishes. You never wrote Elbereth's name. You never encountered a bones level. You never used any Sokoban shortcuts. Dungeon overview: The Dungeons of Doom: levels 1 to 5 Level 1 an altar a long staircase Level 2 stairs to The Gnomish Mines Level 3 a sink Level 4 some fountains Level 5 <- You were here a general store The Gnomish Mines: Level 3 stairs to The Dungeons of Doom History has recorded: On T:1 you entered the Dungeons of Doom to retrieve the Amulet of Yendor! On T:2 you advanced to experience level 2. On T:388 you reached level 2 of The Dungeons of Doom. On T:517 you advanced to experience level 3. On T:577 you reached level 1 of The Gnomish Mines. On T:755 you reached level 3 of The Dungeons of Doom. On T:1021 you advanced to experience level 4. On T:1255 you reached level 4 of The Dungeons of Doom. On T:1312 you advanced to experience level 5. On T:1613 you reached level 5 of The Dungeons of Doom. On T:1799 you advanced to experience level 6. On T:2196 you advanced to experience level 7. Latest messages: You make scratch marks on the stone. [HP+1=31] You drop an orange gem (unpaid, 4333 zorkmids). As you read the scroll, it disappears. The scroll erupts in a tower of flame! Your scroll of remove curse catches fire and burns! Your squishy potion boils and explodes! Your potions of levitation boil and explode! One of your indigo potions boils and explodes! Your sky blue potion boils and explodes! Your yellow potion boils and explodes! Your ochre potions boil and explode! You feel rather tired. Your potion called fruit juice boils and explodes! Wizard, your life force is running out. Your white potion boils and explodes! You die... Sipaliwini comes and takes all your possessions. Final status: Goodbye groovejumper the Wizard... You died in The Dungeons of Doom on dungeon level 5 with 2556 points, and 0 pieces of gold, after 2281 moves. You were level 7 with a maximum of 44 hit points when you died.